 Dungeon Crawl Stone Soup version 0.23.2-33-g5129a83184 (webtiles) character file.

Game seed: 9724186117995047504

35 Kold the Conjurer (level 3, -2/26 HPs)
             Began as a Draconian Conjurer on July 10, 2019.
             Was an Initiate of Vehumet.
             Slain by a gnoll
             ... wielding a +0 club
              (7 damage)
             ... on level 2 of the Dungeon.
             The game lasted 00:02:17 (1089 turns).

Kold the Conjurer (Draconian Conjurer)              Turns: 1089, Time: 00:02:18

Health: -2/26      AC:  5    Str: 10    XL:     3   Next: 17%
Magic:  1/7        EV: 12    Int: 21    God:    Vehumet [......]
Gold:   86         SH:  0    Dex: 11    Spells: 4/7 levels left

rFire    . . .     SeeInvis .   h - +0 dagger (speed)
rCold    . . .     Gourm    .   (no shield)
rNeg     . . .     Faith    .   (armour unavailable)
rPois    .         Spirit   .   (helmet restricted)
rElec    .         Reflect  .   (no cloak)
rCorr    .         Harm     .   (no gloves)
MR       .....                  (no boots)
Stlth    ++........             (no amulet)
HPRegen  0.08/turn              (no ring)
MPRegen  0.10/turn              (no ring)

@: brilliant
A: unfitting armour, cold-blooded, AC +5
a: Renounce Religion


You were on level 2 of the Dungeon.
You worshipped Vehumet.
Vehumet was noncommittal.
You were not hungry.

You visited 1 branch of the dungeon, and saw 2 of its levels.

You collected 86 gold pieces.

Inventory:

Hand Weapons
 h - a +0 dagger of speed (weapon)
Jewellery
 j - an uncursed ring of fire
Scrolls
 a - a scroll of remove curse {unknown}
 c - a scroll of teleportation {unknown}
 d - 2 scrolls of identify {unknown}
 g - a scroll of enchant weapon {unknown}
 i - a scroll of magic mapping {unknown}
 k - a scroll of immolation {unknown}
Potions
 e - a potion of haste {unknown}
 l - a potion of degeneration {unknown}
Comestibles
 b - 3 rations
 m - 4 chunks of flesh


   Skills:
 - Level 2.0 Dodging
 - Level 2.0 Stealth
 + Level 2.6 Spellcasting
 + Level 4.4 Conjurations


You had 4 spell levels left.
You knew the following spells:

 Your Spells              Type           Power        Failure   Level  Hunger
a - Magic Dart            Conj           ####         1%          1    None
b - Searing Ray           Conj           ####..       1%          2    ##.....

Your spell library contained the following spells:

 Spells                   Type           Power        Failure   Level  Hunger
 Dazzling Spray           Conj/Hex       ###...       2%          3    ###....
 Iskenderun's Mystic Bla  Conj           ####....     2%          4    ####...
 Force Lance              Conj/Tloc      ###.....     7%          4    ####...
 Fulminant Prism          Conj/Hex       ###.......   7%          4    ####...


Dungeon Overview and Level Annotations

Branches:
Dungeon (2/15)

Altars:
Elyvilon
Vehumet
Wu Jian
The Shining One


Innate Abilities, Weirdness & Mutations

Your plain brown scales are hard. (AC +5)
You cannot fit into any form of body armour.
You are cold-blooded and may be slowed by cold attacks.


Message History

The gnoll is lightly wounded.
You hit the gnoll.
The gnoll is moderately wounded.
The gnoll hits you from afar with a cursed +0 spear.
The gnoll closely misses you.
You hit the gnoll.
The gnoll is heavily wounded.
The gnoll closely misses you.
You hit the gnoll.
The gnoll is severely wounded.
The gnoll closely misses you.
You hit the gnoll.
The gnoll is almost dead.
The gnoll hits you from afar with a cursed +0 spear.
The gnoll hits you with a +0 club.
* * * LOW HITPOINT WARNING * * *
It was a potion of brilliance.
You feel clever all of a sudden. The gnoll closely misses you.
The gnoll hits you with a +0 club!
You die...

#....<..# #..# ###...###
#..# #...# #... #...#
#.## # #...# #...
#.######...########.##
#.................#...
#................)..##
#..gg@............#..)
....######...########†##
. #...# #... #...# #...
#...# #.## ###...### #.#
#.......######.#
#.......<....#.##
#.......####.#...


You could see 2 gnolls.

Vanquished Creatures
  An ooze (D:1)
  A worm (D:2)
  2 dart slugs
  A leopard gecko (D:1)
  A giant cockroach (D:2)
  A goblin (D:1)
  2 hobgoblins
  4 kobolds (D:1)
  4 bats
  3 frilled lizards (D:1)
  5 rats
25 creatures vanquished.

Notes
Turn   | Place    | Note
-------+----------+-------------------------------------------
     0 | D:1      | Kold the Draconian Conjurer began the quest for the Orb.
     0 | D:1      | Reached XP level 1. HP: 14/14 MP: 3/3
   308 | D:1      | Reached XP level 2. HP: 11/20 MP: 0/5
   496 | D:1      | Learned a level 2 spell: Searing Ray
   892 | D:2      | Found an ornate altar of the Wu Jian Council.
   909 | D:2      | Reached XP level 3. HP: 26/26 MP: 0/6
  1036 | D:2      | Found a radiant altar of Vehumet.
  1037 | D:2      | Found a glowing golden altar of the Shining One.
  1038 | D:2      | Found a white marble altar of Elyvilon.
  1043 | D:2      | Became a worshipper of Vehumet
  1089 | D:2      | Slain by a gnoll

Skill      XL: |  1 |
---------------+----+-----
Stealth        | 2 |  2.0
Dodging        | 2 |  2.0
Spellcasting   | |  2.6
Conjurations   | |  4.4

Action                   || total
-------------------------++-------
Melee: Whip              ||    38
       Unarmed           ||     6
       Tailslap          ||     3
       Dagger            ||    12
 Cast: Magic Dart        ||    46
       Searing Ray       ||     2
  Use: Potion            ||     1
  Eat: Chunk             ||     1
Armor: Skin              ||    15
Dodge: Dodged            ||    43
